 Dungeon Crawl Stone Soup version 0.25-a0-2-g6559c6c67a (webtiles) character file.

Game seed: 14710102087890264421, levelgen mode: deterministic

8 Heliosone the Poker (level 2, 22/22 HPs)
             Began as a Demonspawn Gladiator on Oct 14, 2019.
             Quit the game on level 1 of the Dungeon.
             The game lasted 00:01:29 (437 turns).

Heliosone the Poker (Demonspawn Gladiator)           Turns: 437, Time: 00:01:30

Health: 22/22      AC:  6    Str: 14    XL:     2   Next: 0%
Magic:  2/2        EV: 13    Int:  9    God:
Gold:   50         SH:  0    Dex: 14    Spells: 1/1 levels left

rFire    . . .     SeeInvis .   a - +0 trident
rCold    . . .     Gourm    .   (no shield)
rNeg     . . .     Faith    .   b - +0 leather armour
rPois    .         Spirit   .   c - +0 helmet
rElec    .         Reflect  .   (no cloak)
rCorr    .         Harm     .   (no gloves)
MR       .....                  (no boots)
Stlth    +.........             (no amulet)
HPRegen  0.07/turn              (no ring)
MPRegen  0.08/turn              (no ring)

@: no status effects
A: thin metallic scales 1
a: no special abilities


You were on level 1 of the Dungeon.
You were not hungry.

You visited 1 branch of the dungeon, and saw 1 of its levels.

You collected 50 gold pieces.

Inventory:

Hand Weapons
 a - a +0 trident (weapon)
Missiles
 d - 3 throwing nets
 m - 4 boomerangs (quivered)
Armour
 b - a +0 leather armour (worn)
 c - a +0 helmet (worn)
 h - a +0 shield
Scrolls
 e - a scroll of teleportation {unknown}
 g - a scroll of identify {unknown}
 i - a scroll of magic mapping {unknown}
 l - a scroll of fear {unknown}
Potions
 j - a potion of ambrosia {unknown}
 k - a potion of agility {unknown}
Comestibles
 f - 3 rations


   Skills:
 + Level 2.2 Fighting
 + Level 2.9 Polearms
 - Level 1.7 Throwing
 + Level 2.9 Dodging


You had one spell level left.
You didn't know any spells.
Your spell library was empty.

Dungeon Overview and Level Annotations

Branches:
Dungeon (1/15)

Altars:


Innate Abilities, Weirdness & Mutations

You are partially covered in thin metallic scales. (AC +2)


Message History

No target in view!
No target in view!
No target in view!
f - 3 rations (gained 1)
Found 19 stones.
You see here 19 stones.
You now have 50 gold pieces (gained 13).
You see here 19 stones.
A giant cockroach comes into view.
Found a club.
A giant cockroach is nearby!
Throwing (i - inventory. (/) - cycle)
m - 4 boomerangs (quivered)
Press: ? - help, Shift-Dir - straight line, f - giant cockroach
Aim: a giant cockroach (clinging, resting)
You throw a boomerang. The boomerang hits the giant cockroach.
You kill the giant cockroach!
You have reached level 2!
Your demonic ancestry asserts itself...
Thin metallic scales grow over part of your body.
Are you sure you want to abandon this character and quit the game? (Confirm with "yes".)

#.....#...#.( ....
#...#...#...# ....
#.#[..#...#.. ...
#...#...#...#
...#####.#...#...#..
#........#...#...#
##......#...#...#..
#.........#...#.[.#
#.@.....#...#...#..
#.#.###...#...#...#
..)#...#.....#...#..
#####.#.####.#..#..##
### #.#......###.###
#.# #.######## ###
####.# #.# #....# #.#
#.###########.#


There were no monsters in sight!

Vanquished Creatures
  A dart slug (D:1)
  A giant cockroach (D:1)
  A goblin (D:1)
  A bat (D:1)
  A kobold (D:1)
  2 rats (D:1)
7 creatures vanquished.

Notes
Turn   | Place    | Note
-------+----------+-------------------------------------------
     0 | D:1      | Heliosone the Demonspawn Gladiator began the quest for the
                  | Orb.
     0 | D:1      | Reached XP level 1. HP: 16/16 MP: 1/1
   436 | D:1      | Gained mutation: You are partially covered in thin metallic
                  | scales. (AC +2) [demonic ancestry]
   436 | D:1      | Reached XP level 2. HP: 22/22 MP: 2/2
   437 | D:1      | Quit the game

Levels and vault maps discovered:
D:1:      dpeg_arrival_boxes_within_box, layout_basic, hex_medium,
          minmay_misc_feat_square

Action                   || total
-------------------------++-------
Melee: Trident           ||    11
Throw: Boomerang         ||     1
Armor: Leather armour    ||     3
Dodge: Dodged            ||     6

Table legend:
 A = Non-vault XP
 B = Vault XP
 C = Vault XP percentage of total XP
 D = Non-vault monster count
 E = Vault monster count
 F = Vault count percentage of total count
                 A         B        C        D         E       F
            +---------+---------+-------+---------+---------+-------
      Total |      12 |       0 |   0.0 |       7 |       0 |   0.0
            +---------+---------+-------+---------+---------+-------
        D:1 |      12 |       0 |   0.0 |       7 |       0 |   0.0
            +---------+---------+-------+---------+---------+-------
